 Dungeon Crawl Stone Soup version 0.29.1-2-gbd0b4ee654 (webtiles) character file.

Game seed: 12650730669941972912

1101 fireball365 the Cudgeller (level 8, 0/66 HPs)
             Began as a Minotaur Fighter on Oct 26, 2022.
             Was an Initiate of Gozag.
             Slain by an orc knight
             ... wielding a +0 long sword
             ... created by the fury of Okawaru
              (20 damage)
             ... on level 6 of the Dungeon.
             The game lasted 00:27:40 (6730 turns).

fireball365 the Cudgeller (Minotaur Fighter)        Turns: 6730, Time: 00:27:41

Health: 0/66       AC: 16    Str: 24    XL:     8   Next: 10%
Magic:  7/7        EV:  7    Int:  5    God:    Gozag
Gold:   262        SH:  0    Dex:  9    Spells: 7/7 levels left

rFire   . . .      SeeInvis .   p - +2 great mace (flame)
rCold   . . .      Faith    .   (shield currently unavailable)
rNeg    . . .      Spirit   .   C - +0 plate armour
rPois   .          Reflect  .   (helmet restricted)
rElec   .          Harm     .   s - +0 cloak
rCorr   .          Rampage  .   D - +0 pair of gloves
Will    +....                   x - +0 pair of boots
Stlth   ..........              (no amulet)
HPRegen 0.21/turn               l - +4 ring of slaying
MPRegen 0.10/turn               g - ring of willpower

@: no status effects
A: horns 2, retaliatory headbutt
a: Renounce Religion, Potion Petition, Call Merchant, Bribe Branch


You were on level 6 of the Dungeon.
You worshipped Gozag.
Gozag was aware of your devotion.
You visited 1 branch of the dungeon, and saw 6 of its levels.

You collected 349 gold pieces.
You paid 87 gold pieces to Gozag.

Inventory:

Hand Weapons
 a - a +0 war axe
 p - a +2 great mace of flaming (weapon)
 r - a +4 quarterstaff of chaos
Missiles
 f - 41 stones (quivered)
 q - 5 boomerangs
 w - 2 silver boomerangs
 A - 10 poisoned darts
 B - a throwing net
Armour
 c - a +0 buckler
 n - a +1 chain mail of cold resistance
 s - a +0 cloak (worn)
 v - a +1 chain mail
 x - a +0 pair of boots (worn)
 C - a +0 plate armour (worn)
 D - a +0 pair of gloves (worn)
Magical Staves
 y - a staff of air
Jewellery
 g - a ring of willpower (right hand)
 l - a +4 ring of slaying (left hand)
Wands
 d - a wand of digging (3)
Scrolls
 e - 4 scrolls of teleportation
 h - a scroll of identify
 j - a scroll of immolation
 k - a scroll of torment
 o - a scroll of enchant weapon
 u - 4 scrolls of magic mapping
 E - a scroll of brand weapon
 F - a scroll of fear
 G - a scroll of amnesia
 I - a scroll of blinking
Potions
 b - 3 potions of haste
 i - 2 potions of lignification
 m - 3 potions of attraction
 t - 2 potions of heal wounds
 z - a potion of mutation {unknown}
 H - a potion of berserk rage


   Skills:
 - Level 4.0 Fighting
 - Level 3.3(5.8) Axes
 * Level 7.4(7.8) Maces & Flails
 + Level 6.7 Armour
 + Level 6.7 Shields


You had 7 spell levels left.
You didn't know any spells.
Your spell library contained the following spells:

 Spells                   Type           Power      Damage    Failure   Level
 Sandblast                Erth           0%         2d4       100%        1
 Sting                    Tmut/Pois      0%         1d3       100%        1
 Summon Small Mammal      Summ           0%         N/A       100%        1
 Passwall                 Tmut/Erth      0%         N/A       100%        2
 Poisonous Vapours        Pois/Air       0%         N/A       100%        2
 Call Canine Familiar     Summ           0%         N/A       100%        3
 Gell's Gravitas          Tloc           0%         N/A       100%        3
 Lesser Beckoning         Tloc           0%         N/A       100%        3
 Stone Arrow              Conj/Erth      0%         3d7       100%        3
 Summon Guardian Golem    Hex/Summ       0%         N/A       100%        3
 Teleport Other           Tloc           0%         N/A       100%        3
 Olgreb's Toxic Radiance  Pois           0%         N/A       100%        4


Dungeon Overview and Level Annotations

Branches:
Dungeon (6/15)
 Temple: D:4-7

Altars:
Gozag
Makhleb
Okawaru
Ru
Vehumet
Yredelemnul

Shops:
D:5 =


Innate Abilities, Weirdness & Mutations

You have a pair of horns on your head.
You reflexively headbutt those who attack you in melee.


Message History

You closely miss the orc. Your headbutt misses the orc.
The orc hits you but does no damage.
You completely miss the orc.
The troll shouts!
You hear a shout!
The orc hits you but does no damage. The orc hits you with a +0 club.
You hear a shout!
You completely miss the orc.
The orc shouts!
The orc hits you but does no damage.
There is a stone staircase leading up, spattered with blood here.
The orc hits you but does no damage.
You thump the orc! You burn the orc.
You kill the orc!
That felt strangely unrewarding.
The orc hits you with a +0 war axe.
You sock the orc! You burn the orc.
You kill the orc!
That felt strangely unrewarding.
The troll bites you. The troll claws you but does no damage.
The troll closely misses you.
You sock the troll! You burn the troll.
The troll is moderately wounded.
The troll bites you! The troll claws you! The troll barely misses you.
You bludgeon the troll!! You burn the troll.
The troll is almost dead.
You hear a shout!
The troll barely misses you. The troll claws you but does no damage.
The troll claws you!
You hear a shout!
You barely miss the troll. You headbutt the troll.
You kill the troll!
That felt strangely unrewarding.
The orc knight hits you but does no damage.
You thump the orc knight! You burn the orc knight. You headbutt the orc knight.
The orc knight is moderately wounded.
The orc knight hits you with a +0 long sword!
You thump the orc knight! You burn the orc knight.
The orc knight is heavily wounded.
The orc knight hits you with a +0 long sword!!
You die...
Your body crumbles into a pile of gold.

##.#.###.##.###..........>.# ##
#.#.....##.# #######.##.### ##.
#.###.####.#########.##.# ##..
###.......)............##.# ##.#.
.........###.########).##.###.###
#######..# #.###...T.........## #
.........# #....o......##.....###
#######.## #####o####.########.#.
#.# #@# #..[......... #.# #.#
############# #.########.#
#..........# ############


You could see an orc knight and an orc.

Vanquished Creatures
  A cyclops (D:6)
  A troll (D:6)
  Eustachio (D:4)
  An ice beast (D:6)
  A phantom (D:6)
  A kobold brigand (D:5)
  2 necrophages (D:5)
  A jelly (D:6)
  An orc priest (D:4)
  4 hounds
  Crazy Yiuf (D:4)
  A gnoll bouda (D:6)
  3 iguanas
  An orc wizard (D:6)
  3 gnolls (D:6)
  11 adders
  2 white imps
  An ufetubus (D:5)
  3 worms
  4 dart slugs
  9 orcs
  6 bats
  7 endoplasms
  3 giant cockroaches
  8 goblins
  7 hobgoblins
  4 jackals (D:1)
  3 quokkas
  9 ball pythons
  3 frilled lizards (D:1)
  24 kobolds
  6 rats
133 creatures vanquished.

Vanquished Creatures (others)
  2 fungi (D:4)
  72 plants
74 creatures vanquished.

Grand Total: 207 creatures vanquished

Notes
Turn   | Place    | Note
-------+----------+-------------------------------------------
     0 | D:1      | fireball365 the Minotaur Fighter began the quest for the
                  | Orb.
     0 | D:1      | Reached XP level 1. HP: 19/19 MP: 0/0
   175 | D:1      | Reached XP level 2. HP: 13/27 MP: 1/1
   184 | D:1      | HP: 1/27 [frozen (1)]
  1076 | D:1      | Reached XP level 3. HP: 31/33 MP: 2/2
  1911 | D:2      | Reached skill level 1 in Maces & Flails
  1928 | D:2      | You fall into a shaft and drop 2 floors!
  1946 | D:4      | Reached XP level 4. HP: 27/40 MP: 3/3
  2145 | D:4      | Reached skill level 2 in Maces & Flails
  2193 | D:4      | Reached XP level 5. HP: 37/46 MP: 4/4
  2225 | D:4      | Reached skill level 3 in Maces & Flails
  3430 | D:2      | Found a faded altar of an unknown god.
  3432 | D:2      | Prayed at the altar of an unknown god.
  3432 | D:2      | Became a worshipper of Warmaster Okawaru
  3432 | D:2      | Reached * piety under Okawaru
  3921 | D:3      | Reached skill level 5 in Armour
  3921 | D:3      | Reached skill level 5 in Shields
  3924 | D:3      | Found a burning altar of Makhleb.
  4292 | D:4      | Found a runed translucent door.
  4293 | D:4      | Noticed Crazy Yiuf
  4321 | D:4      | Noticed Eustachio
  4336 | D:4      | Killed Eustachio
  4337 | D:4      | Reached skill level 4 in Maces & Flails
  4337 | D:4      | Reached XP level 6. HP: 32/52 MP: 5/5
  4370 | D:4      | Found a basalt altar of Yredelemnul.
  4960 | D:4      | Killed Crazy Yiuf
  5003 | D:5      | Entered Level 5 of the Dungeon
  5030 | D:5      | Reached skill level 5 in Maces & Flails
  5031 | D:5      | Reached ** piety under Okawaru
  5066 | D:5      | Found Kysor's Jewellery Emporium.
  5292 | D:5      | Reached XP level 7. HP: 59/59 MP: 6/6
  5496 | D:5      | Reached skill level 6 in Maces & Flails
  6021 | D:6      | Found an opulent altar of Gozag.
  6029 | D:6      | Fell from the grace of Okawaru
  6029 | D:6      | Became a worshipper of Gozag Ym Sagoz the Greedy
  6053 | D:6      | Found a sacrificial altar of Ru.
  6241 | D:6      | Found a radiant altar of Vehumet.
  6248 | D:6      | Reached skill level 7 in Maces & Flails
  6388 | D:6      | Reached XP level 8. HP: 66/66 MP: 7/7
  6491 | D:6      | Noticed an orc knight
  6491 | D:6      | Noticed a troll
  6491 | D:6      | Noticed a cyclops
  6652 | D:6      | Killed a cyclops
  6728 | D:6      | Killed a troll
  6730 | D:6      | Slain by an orc knight

Illustrated notes

Levels and vault maps discovered:
D:1:      dpeg_chamrin_arrival_tetris, layout_basic
D:2:      layout_basic, chequers_ecumenical_altar_twisty
D:3:      layout_basic, lemuel_coloured_pillars_altar
D:4:      layout_basic, yredelemnul_altar_generic, guppyfry_early_lair_pool,
          uniq_crazy_yiuf_cottage, uniq_eustachio
D:5:      kennysheep_kobold_camp, layout_basic, serial_shops, shop
D:6:      layout_loops_ring, nicolae_ru_sacrificial_ziggurat, vehumet_crystals,
          general_overflow_altar, nemelex_diamond_rough_becter

Skill      XL: |  1  2  3  4  5  6  7 |
---------------+----------------------+-----
Fighting       | 4 |  4.0
Armour         | 4 5 6 |  6.7
Axes           | 3 |  3.3
Shields        | 4 5 6 |  6.7
Maces & Flails | 1 2 4 5 7 |  7.4

Action                   |  1- 3 |  4- 6 |  7- 9 || total
-------------------------+-------+-------+-------++-------
Melee: War axe           |    45 |       |       ||    45
       Headbutt          |     5 |    29 |    24 ||    58
       Great mace        |     9 |   123 |   126 ||   258
  Use: Scroll            |       |    16 |     6 ||    22
       Potion            |       |     1 |     1 ||     2
Armor: Scale mail        |    30 |    38 |       ||    68
       Chain mail        |       |    41 |       ||    41
       Plate armour      |       |       |    84 ||    84
Dodge: Dodged            |    59 |    73 |    41 ||   173
Block: Buckler           |    11 |       |       ||    11
